 Dungeon Crawl Stone Soup version 0.32-a0-35-gd9ff480968 (webtiles) character file.

Game seed: 3349549126431710221

37 pokeman the Magician (level 3, -1/20 HPs)
             Began as a Deep Elf Hedge Wizard on Jan 21, 2024.
             Slain by a ribbon worm (2 damage)
             ... on level 2 of the Dungeon.
             The game lasted 00:01:39 (1215 turns).

pokeman the Magician (Deep Elf Hedge Wizard)        Turns: 1215, Time: 00:01:39

Health: -1/20      AC:  2    Str:  7    XL:     3   Next: 23%
Magic:  4/11       EV: 12    Int: 20    God:
Gold:   36         SH:  0    Dex: 14    Spells: 4/12 levels left

rFire   . . .        a - +0 dagger
rCold   . . .        (no shield)
rNeg    . . .        b - +0 robe
rPois   .            c - +0 hat
rElec   .            (no cloak)
rCorr   .            (no gloves)
SInv    .            (no boots)
Will    .....        (no amulet)
Stlth   ++           (no ring)
HPRegen 0.23/turn    (no ring)
MPRegen 0.12/turn

%: no passive effects
@: no status effects
A: no striking features
a: no special abilities


You were on level 2 of the Dungeon.
You visited 1 branch of the dungeon, and saw 2 of its levels.

You collected 36 gold pieces.

Inventory:

Hand Weapons
 a - a +0 dagger (weapon)
Armour
 b - a +0 robe (worn)
 c - a +0 hat (worn)
Jewellery
 e - an amulet of guardian spirit
Scrolls
 g - a scroll of identify {unknown}
 h - a scroll of amnesia {unknown}
 i - 2 scrolls of fear {unknown}
Potions
 d - a potion of magic
 f - a potion of might {unknown}
 j - a potion of curing {unknown}


   Skills:
 + Level 0.8 Fighting
 + Level 0.9 Armour
 - Level 2.4 Dodging
 - Level 2.4 Stealth
 * Level 5.1 Spellcasting
 + Level 1.7 Conjurations
 - Level 1.1 Summonings
 - Level 1.1 Translocations


You had 4 spell levels left.
You knew the following spells:

 Your Spells              Type           Power      Damage    Failure   Level
a - Magic Dart            Conj           48%        1d5       5%          1
b - Mephitic Cloud        Conj/Alch/Air  7%         N/A       26%         3
c - Call Imp              Summ           18%        N/A       11%         2
d - Blink                 Tloc           18%        N/A       11%         2

Your spell library contained the following spells:

 Spells                   Type           Power      Damage    Failure   Level
 Slow                     Hex            20%        N/A       12%         1
 Cigotuvi's Dreadful Rot  Necr/Alch/Air  10%        N/A       17%         2
 Gell's Gravitas          Tloc           9%         N/A       22%         3
 Teleport Other           Tloc           9%         N/A       22%         3
 Dispersal                Tloc           4%         N/A       100%        6


Dungeon Overview and Level Annotations

Branches:
Dungeon (2/15)

Altars:


Message History

You catch the helpless ribbon worm completely off-guard!
You puncture the ribbon worm!
The ribbon worm is heavily wounded.
The ribbon worm is engulfed in noxious fumes.
The ribbon worm appears confused.
The ribbon worm closely misses you.
A rat comes into view.
You hit the ribbon worm.
The ribbon worm is heavily wounded.
The ribbon worm bites you.
You hit the ribbon worm.
The ribbon worm is heavily wounded.
You hit the ribbon worm.
The ribbon worm is severely wounded.
The ribbon worm barely misses you. The rat misses you.
You hit the ribbon worm.
The ribbon worm is severely wounded.
The ribbon worm closely misses you. The rat bites you but does no damage.
Your magical contamination has completely faded away.
You hit the ribbon worm but do no damage.
The ribbon worm is heavily wounded.
The ribbon worm bites you. The rat misses you.
You barely miss the ribbon worm.
The ribbon worm is heavily wounded.
A goblin comes into view. It is wielding a +0 dagger.
The rat bites you but does no damage. The ribbon worm bites you!
* * * LOW HITPOINT WARNING * * *
The goblin shouts!
You hit the ribbon worm.
The ribbon worm is severely wounded.
The rat closely misses you.
You hit the ribbon worm.
The ribbon worm is severely wounded.
The ribbon worm bites you.
* * * LOW HITPOINT WARNING * * *
The rat bites you.
* * * LOW HITPOINT WARNING * * *
You hit the ribbon worm but do no damage.
The ribbon worm is severely wounded.
The ribbon worm bites you.
You die...

.#.# ########..#.#.
.#.# #.....#......#
.#.###.....#.# #.. ..
.............# #.# #.#
...###.....#.###g##..#
#.........†..........#
##.#####.#####.#.##.##
#.# #.# #.#r# #.# #.#
#.#@# #.# #.#
#.#w....... #)# #.#
#.####.#### #.# #.#
#.# †. #.# #.# #.# ##
##.# #.# ...# #### #


You could see a ribbon worm (confused), a goblin and a rat.

Vanquished Creatures
  An adder (D:2)
  3 endoplasms
  2 giant cockroaches (D:1)
  4 goblins
  2 hobgoblins
  3 quokkas
  4 ball pythons
  A bat (D:1)
  2 frilled lizards
  2 kobolds (D:1)
  4 rats (D:2)
28 creatures vanquished.

Notes
Turn   | Place    | Note
-------+----------+-------------------------------------------
     0 | D:1      | pokeman the Deep Elf Hedge Wizard began the quest for the
                  | Orb.
     0 | D:1      | Reached XP level 1. HP: 10/10 MP: 7/7
   383 | D:1      | Reached XP level 2. HP: 16/16 MP: 6/9
   916 | D:2      | Reached skill level 5 in Spellcasting
  1059 | D:2      | Reached XP level 3. HP: 19/20 MP: 3/11
  1067 | D:2      | Learned a level 3 spell: Mephitic Cloud
  1070 | D:2      | Learned a level 2 spell: Call Imp
  1073 | D:2      | Learned a level 2 spell: Blink
  1214 | D:2      | HP: 1/20 [rat (1)]
  1215 | D:2      | Slain by a ribbon worm

Illustrated notes

Levels and vault maps discovered:
D:1:      dpeg_arrival_arbitrary_c, layout_rooms
D:2:      layout_loops_ring, dreamdust_ecumenical_altar_drowned_temple,
          minmay_misc_feat_doors, minmay_split_cup_large

Skill      XL: |  1  2 |
---------------+-------+-----
Spellcasting   | 5 |  5.1
Fighting       | |  0.8
Armour         | |  0.9
Dodging        | |  2.4
Stealth        | |  2.4
Conjurations   | |  1.7
Summonings     | |  1.1
Translocations | |  1.1

Action                     || total
---------------------------++-------
  Melee: Dagger            ||    18
   Cast: Magic Dart        ||    77
         Mephitic Cloud    ||     1
   Stab: Confused          ||     1
 Armour: Robe              ||    15
  Dodge: Dodged            ||    18

Table legend: (Time is in decaauts)
 A = Elapsed time spent in this place.
 B = Non-inter-level travel time spent in this place.
 C = Inter-level travel time spent in this place.
 D = Time resting spent in this place.
 E = Time spent auto-exploring this place.
 F = Levels seen in this place.
 G = Mean time per level.
                   A        B        C        D        E       F      G
               +--------+--------+--------+--------+--------+-----+--------+
         Total |   1214 |   1175 |     39 |      0 |   1021 |   2 |  607.0 |
       Dungeon |   1214 |   1175 |     39 |      0 |   1021 |   2 |  607.0 |
               +--------+--------+--------+--------+--------+-----+--------+

Top non-repeatable levels by time:
     D:1: 827 daAuts
     D:2: 387 daAuts
